 Dungeon Sprint DCSS version 0.31-a0-1597-ge7908ec95f (webtiles) character file.

Game seed: 361697795544287939

1495 Conn the Destroyer (level 8, -5/46 HPs)
             Began as an Octopode Fire Elementalist on Jan 7, 2024.
             Was a Believer of Sif Muna.
             Killed by an exploding death drake (14 damage)
             ... ignited by their inner flame
             ... in the Dungeon (Sprint II: "The Violet Keep of Menkaure").
             The game lasted 00:06:49 (494 turns).

Conn the Destroyer (Octopode Fire Elementalist)      Turns: 494, Time: 00:06:49

Health: -5/46      AC:  5    Str:  7    XL:     8   Next: 81%
Magic:  6/20       EV: 17    Int: 19    God:    Sif Muna [**....]
Gold:   565        SH:  0    Dex: 19    Spells: 13/24 levels left

rFire   + . .        r - staff of alchemy
rCold   + . .        (no shield)
rNeg    . . .        (helmet restricted)
rPois   +            (no amulet)
rElec   +            d - +4 ring of protection
rCorr   +            i - +6 ring of dexterity
SInv    .            k - ring of willpower
Will    ++...        (no ring)
Stlth   +++++        (no ring)
HPRegen 0.27/turn    (no ring)
MPRegen 0.17/turn    (no ring)
                     (no ring)

%: no teleportation
@: lethally poisoned (-5 -> -37), resistant, enlightened, flying, slowed, very
slow
A: almost no armour, amphibious, 8 rings, camouflage 1, gelatinous body 1,
(nimble swimmer 1), tentacles
a: Renounce Religion, Channel Magic


You were in the Dungeon.
You worshipped Sif Muna.
Sif Muna was pleased with you.
You visited 1 branch You collected 565 gold pieces.

Inventory:

Missiles
 u - 5 poisoned darts (quivered)
Magical Staves
 p - a staff of air
 r - a staff of alchemy (weapon)
Jewellery
 d - a +4 ring of protection (left tentacle)
 i - a +6 ring of dexterity (right tentacle)
 k - a ring of willpower (on tentacle)
Scrolls
 e - a scroll of butterflies
 l - a scroll of fog
 m - a scroll of brand weapon
 s - a scroll of torment
 t - a scroll of amnesia
Potions
 a - 6 potions of magic
 b - 3 potions of curing
 h - a potion of brilliance {unknown}
 j - a potion of might {unknown}
 n - a potion of ambrosia {unknown}
 o - 2 potions of resistance
 q - 2 potions of enlightenment


   Skills:
 + Level 7.0 Dodging
 - Level 7.5 Stealth
 * Level 8.8 Spellcasting
 * Level 9.4 Conjurations
 + Level 4.3 Hexes
 + Level 4.3 Summonings
 + Level 7.2 Fire Magic
 * Level 6.9 Invocations


You had 13 spell levels left.
You knew the following spells:

 Your Spells              Type           Power      Damage    Failure   Level
a - Foxfire               Conj/Fire      100%       2x1d9     1%          1
b - Scorch                Fire           72%        2d8       1%          2
c - Inner Flame           Hex/Fire       30%        N/A       2%          3
d - Flame Wave            Conj/Fire      40%        2d11      2%          4
e - Summon Small Mammal   Summ           96%        N/A       1%          1

Your spell library contained the following spells:

 Spells                   Type           Power      Damage    Failure   Level
 Sting                    Conj/Alch      100%       1d9       1%          1
 Volatile Blastmotes      Fire/Tloc      44%        2d13      5%          3
 Apportation              Tloc           16%        N/A       9%          1
 Necrotise                Necr           32%        1d5       9%          1


Dungeon Overview and Level Annotations

Branches:
Dungeon (1/1)

Altars:
Cheibriados
Dithmenos
Elyvilon
Fedhas
Gozag
Hepliaklqana
Kikubaaqudgha
Makhleb
Nemelex Xobeh
Okawaru
Qazlal
Ru
Sif Muna
Trog
Uskayaw
Vehumet
Wu Jian
Xom
Yredelemnul
Zin
The Shining One
Jiyva
Lugonu


Innate Abilities, Weirdness & Mutations

You cannot wear most types of armour.
You are amphibious.
You can wear up to eight rings at the same time.
Your skin changes colour to match your surroundings (Stealth+).
Your rubbery body absorbs attacks. (AC +1, EV +1)
((You are camouflaged when in or above water. (Stealth+)))
You have tentacles for arms and can constrict up to eight enemies at once.


Message History

Something unseen opens the door.
There is an open door here.
Casting: Flame Wave (dangerous; 2% risk of failure)
Confirm with . or Enter, or press ? or * to list all spells.
Casting: Summon Small Mammal (safe; 1% risk of failure)
Confirm with . or Enter, or press ? or * to list all spells.
Flames lash the death drake but do no damage.
The death drake breathes miasma at you. The foul vapour misses you.
Your quokka is engulfed in dark miasma.
Your quokka is poisoned.
Your quokka dies!
Your quokka's corpse disappears in a puff of smoke!
Casting: Scorch (safe; 1% risk of failure)
Confirm with . or Enter, or press ? or * to list all spells.
Casting: Flame Wave (dangerous; 2% risk of failure)
Press: ? - help, Dir - look around, f - activate A wave of flame ripples out!
The flame wave engulfs the death drake!
Flame seeps out of the death drake.
The death drake is heavily wounded. (Press . to intensify the flame waves.)
You are engulfed in dark miasma.
You are poisoned.
You feel as though you will be slow longer.
You feel extremely sick. The death drake misses you.
The death drake completely misses you.
A wave of flame ripples out!
The flame wave engulfs the death drake!
Flame seeps out of the death drake.
The death drake is severely wounded.
You are engulfed in dark miasma.
You are lethally poisoned!
* * * LOW HITPOINT WARNING * * *
You feel extremely sick.
The death drake is engulfed in blazing flames.
Flame seeps out of the death drake.
The death drake bites you.
* * * LOW HITPOINT WARNING * * *
The death drake is engulfed in blazing flames.
Sif Muna accepts your kill.
The death drake explodes!
The fiery explosion engulfs you! You resist.
You die...

#=° #:) .. #. #}°
.#### +.##.#%° ...#
.^k#### ###..##
#.^##.# #+###.##..#
+°○#..# ##.##...#..#
#°.#..#
+.<.@##.'k.####°.##.#
##.##○§.#○°○°###○.§##
#+###§##.°°°°k○§§†)~
###~~...9°○#§###
#~~~~~§~°.○#....
#~~~~~§§~.~#....
#~~§≈§≈~~~~§#..._
~~~~~~≈§§≈~~~#.._.
+++#~≈§§§§§≈~#._._


There were no monsters in sight!

Vanquished Creatures
  A death drake (D)
  A yaktaur (D)
  3 polar bears (D)
  A hornet (D)
  Menkaure (D)
  A swamp drake (D)
  A crocodile (D)
  4 necrophages (D)
13 creatures vanquished.

Vanquished Creatures (others)
  14 foxfires (D)
  4 tentacles (D)
18 creatures vanquished.

Grand Total: 31 creatures vanquished

Notes
Turn   | Place    | Note
-------+----------+-------------------------------------------
     0 | D        | Conn the Octopode Fire Elementalist began the quest for the
                  | Orb.
     0 | D        | Reached XP level 1. HP: 11/11 MP: 3/3
     2 | D        | Noticed a necrophage
     2 | D        | Noticed a necrophage
     2 | D        | Noticed a necrophage
     2 | D        | Noticed a necrophage
     8 | D        | Killed a necrophage
     9 | D        | Reached skill level 3 in Conjurations
     9 | D        | Reached XP level 2. HP: 17/17 MP: 1/7
     9 | D        | Reached XP level 3. HP: 21/21 MP: 1/8
     9 | D        | Reached XP level 4. HP: 27/27 MP: 1/10
    12 | D        | Killed a necrophage
    13 | D        | Reached skill level 5 in Stealth
    13 | D        | Reached skill level 5 in Conjurations
    13 | D        | Reached XP level 5. HP: 31/31 MP: 1/12
    15 | D        | Reached skill level 5 in Spellcasting
    15 | D        | Reached skill level 5 in Fire Magic
    25 | D        | Reached skill level 5 in Dodging
    25 | D        | Reached skill level 6 in Conjurations
    25 | D        | Reached XP level 6. HP: 21/36 MP: 2/15
    31 | D        | Noticed Menkaure
    34 | D        | Killed Menkaure
    43 | D        | Learned a level 2 spell: Scorch
    47 | D        | Learned a level 3 spell: Inner Flame
    52 | D        | Learned a level 4 spell: Flame Wave
    56 | D        | Found a blossoming altar of Fedhas.
    57 | D        | Found a white marble altar of Elyvilon.
    57 | D        | Found an opulent altar of Gozag.
    57 | D        | Found a burning altar of Makhleb.
    58 | D        | Found a shadowy altar of Dithmenos.
    58 | D        | Found a corrupted altar of Lugonu.
    59 | D        | Found a snail-covered altar of Cheibriados.
    59 | D        | Found an ancient bone altar of Kikubaaqudgha.
    59 | D        | Found a bloodstained altar of Trog.
    60 | D        | Found a viscous altar of Jiyva.
    60 | D        | Found a shimmering blue altar of Sif Muna.
    61 | D        | Found a hazy altar of Hepliaklqana.
    61 | D        | Found a sacrificial altar of Ru.
    62 | D        | Found a shimmering altar of Xom.
    63 | D        | Found a stormy altar of Qazlal.
    63 | D        | Found an ornate altar of the Wu Jian Council.
    63 | D        | Found a sparkling altar of Nemelex Xobeh.
    63 | D        | Found a hide-covered altar of Uskayaw.
    63 | D        | Found a basalt altar of Yredelemnul.
    63 | D        | Found a glowing golden altar of the Shining One.
    64 | D        | Found a radiant altar of Vehumet.
    64 | D        | Found an iron altar of Okawaru.
    64 | D        | Found a glowing silver altar of Zin.
    69 | D        | Became a worshipper of Sif Muna the Loreminder
    82 | D        | Noticed a kraken
   215 | D        | Learned a level 1 spell: Summon Small Mammal
   283 | D        | Noticed a yaktaur
   283 | D        | Noticed a hornet
   283 | D        | Noticed a polar bear
   285 | D        | Noticed a polar bear
   285 | D        | Noticed a polar bear
   290 | D        | Killed a polar bear
   291 | D        | Reached skill level 7 in Conjurations
   291 | D        | Reached XP level 7. HP: 23/41 MP: 6/17
   291 | D        | Killed a hornet
   292 | D        | Reached skill level 8 in Conjurations
   297 | D        | Killed a polar bear
   297 | D        | Reached * piety under Sif Muna
   298 | D        | Reached skill level 5 in Invocations
   298 | D        | Reached XP level 8. HP: 43/46 MP: 1/20
   306 | D        | Killed a polar bear
   320 | D        | Killed a yaktaur
   320 | D        | Reached ** piety under Sif Muna
   321 | D        | Reached skill level 9 in Conjurations
   463 | D        | Noticed a death drake
   477 | D        | Noticed a crystal guardian
   479 | D        | Noticed a death drake
   494 | D        | Killed a death drake
   494 | D        | Killed by an exploding death drake... ignited by their
                  | inner flame

Illustrated notes

Levels and vault maps discovered:
D:        the_violet_keep_of_menkaure [sprint2_stairs_cluster_1,
          sprint2_shoproom, sprint2_temple, sprint2_basic_supplies,
          sprint2_obstacle_5, sprint2_obstacle_1, sprint2_obstacle_2,
          sprint2_obstacle_7, sprint2_obstacle_6, sprint2_timed_cluster_1,
          sprint2_smallroom_cluster_1, sprint2_smallroom_final_cluster_1,
          sprint2_transparent_cluster_1, sprint2_second_timed_cluster_1,
          sprint2_sniper_area_1, sprint2_heavy_combat_area_1,
          sprint2_mutation_trap_area_1, sprint2_forest_area_1,
          sprint2_light_combat_area_1, sprint2_behind_water_1,
          sprint2_near_end_vault_1]

Skill      XL: |  1  2  3  4  5  6  7  8 |
---------------+-------------------------+-----
Dodging        | 3 4 5 6 7 |  7.0
Stealth        | 4 5 7 |  7.5
Spellcasting   | 4 6 7 8 |  8.8
Conjurations   | 3 5 6 7 8 9 |  9.4
Fire Magic     | 4 5 6 7 |  7.2
Hexes          | 2 3 4 |  4.3
Summonings     | 2 3 4 |  4.3
Invocations    | 3 5 6 |  6.9

Action                     |  1- 3 |  4- 6 |  7- 9 || total
---------------------------+-------+-------+-------++-------
  Melee: Unarmed           |     2 |    14 |       ||    16
         Tentacles         |     2 |     7 |     1 ||    10
         Constrict         |     1 |     4 |       ||     5
         Punch             |       |     2 |       ||     2
         Staff             |       |       |     4 ||     4
  Throw: Dart              |       |       |     1 ||     1
   Cast: Foxfire           |     2 |     4 |     2 ||     8
         Inner Flame       |       |     1 |     3 ||     4
         Flame Wave        |       |     1 |     3 ||     4
         Scorch            |       |       |     6 ||     6
         Summon Small Mamm |       |       |     2 ||     2
 Invoke: Channel Magic     |       |       |     1 ||     1
    Use: Potion            |     2 |       |     4 ||     6
         Scroll            |       |       |     6 ||     6
 Armour: Skin              |       |     9 |    17 ||    26
  Dodge: Dodged            |     1 |     7 |    29 ||    37

Table legend: (Time is in decaauts)
 A = Elapsed time spent in this place.
 B = Non-inter-level travel time spent in this place.
 C = Inter-level travel time spent in this place.
 D = Time resting spent in this place.
 E = Time spent auto-exploring this place.
 F = Levels seen in this place.
 G = Mean time per level.
                   A        B        C        D        E       F      G
               +--------+--------+--------+--------+--------+-----+--------+
         Total |    489 |    489 |      0 |    184 |      0 |   1 |  489.0 |
       Dungeon |    489 |    489 |      0 |    184 |      0 |   1 |  489.0 |
               +--------+--------+--------+--------+--------+-----+--------+

Top non-repeatable levels by time:
       D: 489 daAuts
